 Dungeon Crawl Stone Soup version 0.19-a0-1886-gd64a0f0 (webtiles) character file.

194 Naow the Chopper (level 6, -1/47 HPs)
             Began as a Formicid Fighter on Oct 16, 2016.
             Slain by bezhaha's ghost (3 damage)
             ... on level 3 of the Dungeon.
             The game lasted 00:05:40 (2246 turns).

Naow the Chopper (Formicid Fighter)                 Turns: 2246, Time: 00:05:41

Health: -1/47      AC: 11    Str: 27    XL:     6   Next: 3%
Magic:  6/6        EV:  5    Int:  8    God:
Gold:   112        SH:  9    Dex: 10    Spells: 0 memorised, 5 levels left

rFire  . . .     SeeInvis +     a - +0 war axe
rCold  . . .     Gourm    .     x - +0 plate armour
rNeg   . . .     Faith    .     c - +0 shield
rPois  .         Spirit   .     (helmet unavailable)
rElec  .         Dismiss  +     (no cloak)
rCorr  .         Reflect  .     (no gloves)
MR     .....     Harm     .     (no boots)
Stlth  ..........               r - amulet of dismissal
                                (no ring)
                                (no ring)

@: mighty, lethally poisoned (-1 -> -11), drained
A: permanent stasis, dig shafts and tunnels, four strong arms, antennae 3
a: Dig, Shaft Self


You were on level 3 of the Dungeon.
You were not hungry.

You visited 1 branch of the dungeon, and saw 3 of its levels.

You collected 112 gold pieces.

Inventory:

Hand Weapons
 a - a +0 war axe (weapon)
 v - a cursed -1 hand axe
Armour
 b - a +0 scale mail
 c - a +0 shield (worn)
 x - a +0 plate armour (worn)
Jewellery
 r - an amulet of dismissal (around neck)
Scrolls
 e - a scroll of blinking {unknown}
 i - a scroll of noise {unknown}
 l - 2 scrolls of enchant armour {unknown}
 m - 4 scrolls of identify {unknown}
 o - a scroll of enchant weapon {unknown}
Potions
 g - 2 potions of flight {unknown}
 h - a potion of beneficial mutation {unknown}
 k - a potion of mutation {unknown}
 s - 2 potions of curing {unknown}
 t - a potion of agility {unknown}
 u - a potion of cure mutation {unknown}
 z - a potion of brilliance {unknown}
Comestibles
 f - a bread ration
 j - a chunk of flesh
 n - a meat ration
 p - a beef jerky
 q - a royal jelly
 w - a slice of pizza


   Skills:
 - Level 3.2(2.5) Fighting
 + Level 5.8(4.9) Axes
 - Level 3.2(2.5) Armour
 - Level 3.6(2.8) Shields


You had 5 spell levels left.
You didn't know any spells.

Dungeon Overview and Level Annotations

Branches:
Dungeon (3/15)

Altars:

Annotations:
D:3 bezhaha's ghost, novice HuCK


Innate Abilities, Weirdness & Mutations

You are under a permanent stasis effect.
You can dig through walls and to a lower floor.
Your four strong arms can wield two-handed weapons with a shield.
You have a pair of large antennae on your head. (SInv)


Message History

You feel sick. You block bezhaha's ghost's attack.
You closely miss bezhaha's ghost.
Bezhaha's ghost is heavily damaged.
* * * LOW HITPOINT WARNING * * *
You feel sick. Bezhaha's ghost hits you.
* * * LOW HITPOINT WARNING * * *
Bezhaha's ghost freezes you.
* * * LOW HITPOINT WARNING * * *
You barely miss bezhaha's ghost.
Bezhaha's ghost is heavily damaged.
* * * LOW HITPOINT WARNING * * *
You feel sick.
Bezhaha's ghost hits you but does no damage.
You closely miss bezhaha's ghost.
Bezhaha's ghost is heavily damaged.
* * * LOW HITPOINT WARNING * * *
You feel sick. Bezhaha's ghost hits you.
* * * LOW HITPOINT WARNING * * *
Bezhaha's ghost burns you.
You die...

.......(...
.......... o
......... ..
#......#
o..######......#
.)........$....#
..........!....#
......÷........#
......÷W@......#
...######......#
#......#
#......#
#......#
#......#########
#.....÷(...[.(.#
#......#######.#
#......# #.#


You could see bezhaha's ghost.

Vanquished Creatures
  2 orc priests (D:3)
  4 adders (D:2)
  An ooze (D:2)
  6 worms (D:2)
  2 dart slugs
  5 leopard geckos
  3 orcs (D:3)
  3 ball pythons
  5 bats
  A giant cockroach (D:1)
  4 goblins
  8 hobgoblins
  4 jackals (D:2)
  3 kobolds
  3 quokkas
  6 frilled lizards
  7 rats
67 creatures vanquished.

Notes
Turn   | Place    | Note
-------+----------+-------------------------------------------
     0 | D:1      | Naow the Formicid Fighter began the quest for the Orb.
     0 | D:1      | Reached XP level 1. HP: 18/18 MP: 1/1
   184 | D:1      | Reached XP level 2. HP: 10/24 MP: 2/2
   508 | D:1      | Reached skill level 3 in Axes
   540 | D:1      | Reached XP level 3. HP: 29/29 MP: 3/3
   920 | D:2      | Reached skill level 4 in Axes
   920 | D:2      | Reached XP level 4. HP: 25/35 MP: 4/4
  1386 | D:2      | Reached XP level 5. HP: 25/41 MP: 5/5
  1760 | D:2      | Reached skill level 5 in Axes
  1945 | D:3      | Reached XP level 6. HP: 16/47 MP: 6/6
  2190 | D:3      | Noticed bezhaha's ghost (novice HuCK)
  2246 | D:3      | HP: 2/47 [bezhaha's ghost (5)]
  2246 | D:3      | Slain by bezhaha's ghost

Vault maps used:
D:1:      lemuel_arrival_rhombus, supply_closet_lemuel, item_on_display_a

Skill      XL: |  1  2  3  4  5 |
---------------+----------------+-----
Axes           | 3 4 5 |  5.8
Fighting       | |  3.2
Armour         | |  3.2
Shields        | |  3.6

Action                   |  1- 3 |  4- 6 || total
-------------------------+-------+-------++-------
Melee: War axe           |    82 |   204 ||   286
  Use: Potion            |       |     1 ||     1
  Eat: Chunk             |       |     5 ||     5
Armor: Scale mail        |    36 |    48 ||    84
       Plate armour      |       |    44 ||    44
Dodge: Dodged            |    28 |    57 ||    85
Block: Shield            |    55 |   108 ||   163
